 Dungeon Crawl Stone Soup version 0.29.1-2-gbd0b4ee654 (webtiles) character file.

Game seed: 6432033151357132862

21 croobank the Caller (level 2, -1/11 HPs)
             Began as a Felid Summoner on Oct 23, 2022.
             Slain by a gnoll
             ... wielding a +0 flail
              (12 damage)
             ... on level 1 of the Dungeon.
             The game lasted 00:03:48 (1233 turns).

croobank the Caller (Felid Summoner)                Turns: 1233, Time: 00:03:49

Health: -1/11      AC:  1    Str:  4    XL:     2   Next: 65%
Magic:  4/6        EV: 18    Int: 16    God:
Gold:   54         SH:  0    Dex: 16    Spells: 4/5 levels left
                                        Lives:  0   Deaths: 0

rFire   . . .      SeeInvis +   (weapon unavailable)
rCold   . . .      Faith    .   (shield unavailable)
rNeg    . . .      Spirit   .   (body armour unavailable)
rPois   .          Reflect  .   (helmet unavailable)
rElec   .          Harm     .   (cloak unavailable)
rCorr   .          Rampage  .   (gloves unavailable)
Will    .....                   (boots unavailable)
Stlth   ++........              (no amulet)
HPRegen 0.03/turn               (no ring)
MPRegen 0.10/turn               (no ring)

@: quick
A: very small, claws 1, fangs 3, see invisible, speed 1, shaggy fur 1, stealthy
paws, no weapons or thrown items, no armour, multi-lived
a: no special abilities


You were on level 1 of the Dungeon.
You visited 1 branch of the dungeon, and saw 2 of its levels.

You collected 54 gold pieces.

Inventory:

Jewellery
 d - a ring of flight
Scrolls
 c - 2 scrolls of identify {unknown}
 f - a scroll of enchant weapon {unknown}
Potions
 a - a potion of magic
 b - a potion of cancellation {unknown}
 e - 2 potions of curing {unknown}
 g - a potion of heal wounds {unknown}


   Skills:
 + Level 3.2 Dodging
 + Level 3.3 Stealth
 + Level 2.3 Spellcasting
 + Level 4.2 Summonings


You had 4 spell levels left.
You knew the following spells:

 Your Spells              Type           Power      Damage    Failure   Level
a - Summon Small Mammal   Summ           60%        N/A       3%          1

Your spell library contained the following spells:

 Spells                   Type           Power      Damage    Failure   Level
 Call Imp                 Summ           15%        N/A       5%          2
 Call Canine Familiar     Summ           15%        N/A       11%         3
 Magic Dart               Conj           4%         1d3       21%         1
 Summon Guardian Golem    Hex/Summ       8%         N/A       26%         3
 Searing Ray              Conj           2%         2d4       30%         2
 Summon Lightning Spire   Summ/Air       8%         N/A       63%         4
 Fulminant Prism          Conj/Hex       0%         3d6       90%         4


Dungeon Overview and Level Annotations

Branches:
Dungeon (2/15)

Altars:


Innate Abilities, Weirdness & Mutations

You have sharp claws.
You have razor-sharp teeth.
You have supernaturally acute eyesight. (SInv)
You cover ground quickly. (Speed+)
You are covered in fur. (AC +1)
Your paws help you pounce on unaware monsters.
You are incapable of wielding weapons or throwing items.
You cannot wear armour.
You gain extra lives every three experience levels.


Message History

The giant cockroach is almost dead.
The giant cockroach barely misses you. The gnoll closely misses your quokka.
You scratch the giant cockroach but do no damage.
The giant cockroach is almost dead.
The giant cockroach closely misses you. The gnoll misses your quokka.
You scratch the giant cockroach.
You kill the giant cockroach!
Your quokka bites the gnoll.
Your quokka bites the gnoll but does no damage.
The gnoll hits your quokka with a +0 club!
Your quokka dies!
Your quokka's corpse disappears in a puff of smoke!
Casting: Summon Small Mammal (safe; 3% risk of failure)
Confirm with . or Enter, or press ? or * to list all spells.
The gnoll hits your rat with a +0 club.
Your rat dies!
Your rat's corpse disappears in a puff of smoke!
Casting: Summon Small Mammal (safe; 3% risk of failure)
Confirm with . or Enter, or press ? or * to list all spells.
Your bat hits the gnoll but does no damage.
Your bat hits the gnoll.
Your bat completely misses the gnoll.
The gnoll closely misses your bat.
There is a stone staircase leading up here.
You climb upwards.
Your summoned ally is left behind.
There is a stone staircase leading down here.
You start resting.
Magic restored.
You climb downwards.
There is a stone staircase leading up here.
The gnoll closely misses you.
You climb upwards.
There is a stone staircase leading down here.
Casting: Summon Small Mammal (safe; 3% risk of failure)
Confirm with . or Enter, or press ? or * to list all spells.
Your bat barely misses the gnoll.
Casting: Summon Small Mammal (safe; 3% risk of failure)
Confirm with . or Enter, or press ? or * to list all spells.
Your bat barely misses the gnoll.
The gnoll hits you with a +0 flail!
Ouch! That really hurt!
You die...

#...........+.
#..........b#.
###+#.........
#.........#.
#########.#...###'
#.........+.......
#b######..#.......
#.# #.##....#.. #@#
##.##....### #g#
##..##.......
#b####..##########
#.#....#####
#...###....#######
####>................
#....#####.#....#####
#.##.......#..#......
#....###############.


You could see a gnoll (ally target) and 2 friendly bats.

Vanquished Creatures
  2 giant cockroaches
  A quokka (D:1)
  A bat (D:1)
4 creatures vanquished.

Vanquished Creatures (collateral kills)
  A bat (D:1)
  An endoplasm (D:1)
  A giant cockroach (D:1)
  A goblin (D:1)
  4 jackals (D:1)
  2 kobolds (D:1)
  2 ball pythons (D:1)
  A frilled lizard (D:2)
13 creatures vanquished.

Grand Total: 17 creatures vanquished

Notes
Turn   | Place    | Note
-------+----------+-------------------------------------------
     0 | D:1      | croobank the Felid Summoner began the quest for the Orb.
     0 | D:1      | Reached XP level 1. HP: 7/7 MP: 4/4
   215 | D:1      | Found a faded altar of an unknown god.
   331 | D:1      | Reached XP level 2. HP: 7/11 MP: 3/6
  1233 | D:1      | Slain by a gnoll

Illustrated notes

Levels and vault maps discovered:
D:1:      dpeg_arrival_arbitrary_b, layout_basic,
          chequers_ecumenical_altar_island, glass_columns_a
D:2:      layout_loops_ring

Skill      XL: |  1 |
---------------+----+-----
Stealth        | 3 |  3.3
Dodging        | 3 |  3.2
Spellcasting   | |  2.3
Summonings     | |  4.2

Action                   || total
-------------------------++-------
Melee: Unarmed           ||    14
       Bite              ||     2
 Cast: Summon Small Mamm ||    44
Armor: Skin              ||     2
Dodge: Dodged            ||    33
